 Dungeon Crawl Stone Soup version 0.16.1-14-g82efdee (webtiles) character file.

651 jacksonaction the Basher (level 7, -3/57 HPs)
             Began as a Minotaur Fighter on Apr 13, 2015.
             Slain by Sigmund
             ... wielding a +0 scythe of freezing
              (5 damage)
             ... on level 4 of the Dungeon.
             The game lasted 00:14:21 (3174 turns).

jacksonaction the Basher (Minotaur Fighter)         Turns: 3174, Time: 00:14:21

Health: -3/57      AC:  9    Str: 22    XL:     7   Next: 28%
Magic:  3/3        EV:  5    Int:  5    God:
Gold:   136        SH:  0    Dex: 10    Spells: 0 memorised, 6 levels left

rFire  . . .     SeeInvis .     a - +0 flail
rCold  . . .     Clarity  .     k - +0 chain mail
rNeg   . . .     SustAb   .     c - +0 shield
rPois  .         Gourm    .     (helmet restricted)
rElec  .         Spirit   .     (no cloak)
rCorr  .         Warding  .     (no gloves)
rMut   .         Stasis   .     (no boots)
MR     .....                    (no amulet)
Stlth  ..........               (no ring)
                                (no ring)

@: confused, not resistant to hostile enchantments, extremely unstealthy
A: retaliatory headbutt, horns 2
a: no special abilities


You were on level 4 of the Dungeon.
You were not hungry.

You visited 1 branch of the dungeon, and saw 4 of its levels.

You collected 136 gold pieces.

Inventory:

Hand weapons
 a - a +0 flail (weapon)
Missiles
 o - 92 stones (quivered)
Armour
 c - a +0 shield (worn)
 k - a +0 chain mail (worn)
 u - a +0 pair of gloves
Jewellery
 b - an uncursed ring of magical power {unknown}
 h - an uncursed amulet of guardian spirit {unknown}
 j - an uncursed ring of stealth {unknown}
 m - an uncursed ring of flight {unknown}
 p - an uncursed ring of fire {unknown}
Magical devices
 t - a wand of flame (4)
Scrolls
 f - a scroll of enchant weapon
 g - 3 scrolls of identify
 n - a scroll of fog {unknown}
 q - 4 scrolls of teleportation
 r - 2 scrolls of magic mapping {unknown}
 x - a scroll of enchant armour {unknown}
Potions
 e - a potion of might
 v - a potion of curing {unknown}
Comestibles
 d - 3 bread rations
 i - 2 fruits
 l - a beef jerky
 s - 3 meat rations


   Skills:
 - Level 3.6 Fighting
 + Level 9.8 Maces & Flails
 - Level 3.6 Armour
 - Level 3.6 Shields


You had 6 spell levels left.
You didn't know any spells.

Dungeon Overview and Level Annotations

Branches:
Dungeon (4/15)
 Temple: D:4-7

Altars:

Annotations:
D:4 Sigmund


Innate Abilities, Weirdness & Mutations

You reflexively headbutt those who attack you in melee.
You have a pair of horns on your head.


Message History

You miss something. You headbutt something. You completely miss something.
You hear some strange, mumbled words.
You are more confused.
Something hits you. Something freezes you.
You're too confused to move!
You hear a zap.
You are more confused.
You hear a zap.
Something tries to affect you, but you resist.
You bump into the rock wall.
Something hits you but does no damage.
You bump into the rock wall.
Something hits you!
* * * LOW HITPOINT WARNING * * *
Something freezes you.
* * * LOW HITPOINT WARNING * * *
You miss something. Your headbutt misses something. Something hits you!
* * * LOW HITPOINT WARNING * * *
Something freezes you.
You die...

####... . #..... ..##.....
.........# +###.
.........###.#.$....
.........'.....>....
#..#......####.......
.............#.......(
...#..#..)...@...#...
...#.........{......#
......#...##.#......#
..........<..........#
#.....##.#..#.#.##....
###.....#..............
.<#.....#..##.#..#########
........#..##'#..##.......
........#..#............####


There were no monsters in sight!

Vanquished Creatures
  The ghost of cdice the Charmwright, an average MfSk (D:3)
  A scorpion (D:4)
  3 orc priests
  A hound (D:4)
  A centaur skeleton (D:4)
  A worker ant (D:4)
  3 orc wizards (D:4)
  Natasha (thrice) (D:4)
  An iguana (D:4)
  A hound skeleton (D:4)
  Robin (D:3)
  6 adders
  4 worms
  An ooze (D:1)
  20 orcs
  2 ball pythons
  A giant cockroach (D:3)
  20 goblins
  12 hobgoblins
  10 bats
  A giant newt (D:4)
  7 kobolds
  A quokka (D:3)
  8 rats
110 creatures vanquished.

Notes
Turn   | Place    | Note
--------------------------------------------------------------
     0 | D:1      | jacksonaction, the Minotaur Fighter, began the quest for the Orb.
     0 | D:1      | Reached XP level 1. HP: 19/19 MP: 1/1
   249 | D:1      | Reached XP level 2. HP: 26/26 MP: 1/1
   536 | D:2      | Reached skill level 4 in Maces & Flails
   659 | D:2      | Reached XP level 3. HP: 31/31 MP: 2/2
   764 | D:2      | Reached skill level 5 in Maces & Flails
  1051 | D:3      | Reached XP level 4. HP: 39/39 MP: 2/2
  1079 | D:3      | Noticed Robin
  1114 | D:3      | Noticed cdice's ghost (average MfSk)
  1473 | D:3      | Killed cdice's ghost
  1473 | D:3      | Reached skill level 6 in Maces & Flails
  1473 | D:3      | Reached XP level 5. HP: 36/45 MP: 2/2
  1551 | D:3      | Killed Robin
  1755 | D:3      | Reached skill level 7 in Maces & Flails
  2015 | D:3      | Reached XP level 6. HP: 51/51 MP: 3/3
  2462 | D:4      | Noticed Natasha
  2473 | D:4      | Killed Natasha
  2473 | D:4      | Reached skill level 8 in Maces & Flails
  2578 | D:4      | Noticed Natasha
  2588 | D:4      | Killed Natasha
  2730 | D:4      | Noticed Natasha
  2733 | D:4      | Reached skill level 9 in Maces & Flails
  2745 | D:4      | Killed Natasha
  2763 | D:4      | Reached XP level 7. HP: 38/57 MP: 3/3
  3098 | D:4      | Noticed Sigmund
  3174 | D:4      | HP: 2/57 [something (9)]
  3174 | D:4      | Slain by Sigmund

Action                   |  1- 3 |  4- 6 |  7- 9 || total
-------------------------+-------+-------+-------++-------
Melee: Flail             |    81 |   179 |    69 ||   329
Throw: Stone             |     1 |     6 |    12 ||    19
  Use: Scroll            |       |     2 |       ||     2
  Eat: Chunk             |       |     6 |     2 ||     8
